 Dungeon Crawl Stone Soup version 0.30.0 (webtiles) character file.

Game seed: 6379994224039481350

3527 Boneconjurer19 the Thaumaturge (level 9, -1/57 HPs)
             Began as a Mummy Necromancer on Nov 14, 2023.
             Was an Initiate of Yredelemnul.
             Slain by a wight
             ... wielding a +3 hand axe
              (7 damage)
             ... on level 7 of the Dungeon on Nov 15, 2023.
             The game lasted 01:27:56 (8811 turns).

Boneconjurer19 the Thaumaturge (Mummy Necromancer)  Turns: 8811, Time: 01:27:57

Health: -1/57      AC:  8    Str: 11    XL:     9   Next: 82%
Magic:  21/22      EV:  8    Int: 24    God:    Yredelemnul [......]
Gold:   435        SH:  0    Dex:  7    Spells: 14/26 levels left

rFire   . . .        x - staff of fire
rCold   + . .        (no shield)
rNeg    + + +        y - +1 scale mail of Cocytus {Fly Int+5 Dex-5}
rPois   ∞            (no helmet)
rElec   .            (no cloak)
rCorr   .            k - +0 pair of gloves
SInv    .            (no boots)
Will    ++...        (no amulet) Stlth
                     o - ring of willpower
HPRegen 0.29/turn    (no ring)
MPRegen 0.18/turn

%: faith
@: flying
A: cold resistance 1, negative energy resistance 3, torment resistance 2, heat
vulnerability 1, in touch with death 1, no potions, faith
a: Renounce Religion, Recall Undead Harvest


You were on level 7 of the Dungeon.
You worshipped Yredelemnul.
Yredelemnul was noncommittal.
You visited 1 branch of the dungeon, and saw 7 of its levels.

You collected 435 gold pieces.

Inventory:

Hand Weapons
 d - a +0 whip
 e - a +0 dagger
 r - a +2 short sword of freezing
 w - a +4 flail of protection
Armour
 a - a +0 robe
 c - +0 acid dragon scales
 j - a +0 plate armour
 k - a +0 pair of gloves (worn)
 q - a +1 robe of cold resistance
 y - the +1 scale mail of Cocytus (worn) {Fly Int+5 Dex-5}
   (You found it on level 6 of the Dungeon)

   Int:       It affects your intelligence (+5).
   Dex:       It affects your dexterity (-5).
   Fly:       It grants you flight.
Magical Staves
 x - a staff of fire (weapon)
Jewellery
 o - a ring of willpower (left hand)
Scrolls
 f - 2 scrolls of enchant weapon {unknown}
 g - 3 scrolls of enchant armour {unknown}
 l - a scroll of silence {unknown}
 m - 2 scrolls of identify {unknown}
 n - 7 scrolls of teleportation {unknown}
 p - 2 scrolls of vulnerability {unknown}
 s - a scroll of amnesia {unknown}
 t - 3 scrolls of fog {unknown}
 u - 2 scrolls of blinking {unknown}
 v - 2 scrolls of poison {unknown}
Potions
 b - a potion of mutation {unknown}
 h - 3 potions of degeneration {unknown}
 i - 4 potions of curing


   Skills:
 - Level 0.1 Fighting
 - Level 1.5 Dodging
 - Level 1.6 Stealth
 * Level 9.3 Spellcasting
 * Level 8.7 Necromancy
 * Level 6.4 Invocations
 * Level 4.6 Evocations


You had 14 spell levels left.
You knew the following spells:

 Your Spells              Type           Power      Damage    Failure   Level
a - Necrotise             Necr           100%       1d9       1%          1
b - Vampiric Draining     Necr           68%        2d10      3%          3
c - Agony                 Necr           68%        N/A       28%         5
d - Vhi's Electric Charg  Tloc/Air       22%        N/A       71%         3

Your spell library contained the following spells:

 Spells                   Type           Power      Damage    Failure   Level
 Summon Ice Beast         Ice/Summ       11%        N/A       98%         4
 Arcjolt                  Conj/Air       5%         1d15      100%        5
 Summon Mana Viper        Hex/Summ       11%        N/A       100%        5
 Monstrous Menagerie      Summ           5%         N/A       100%        7
 Maxwell's Capacitive Co  Air            5%         ∞         100%        8
 Animate Dead             Necr           Unusable   N/A       N/A         4

Dungeon Overview and Level Annotations

Branches:
Dungeon (7/15)             Temple (0/1) D:5

Altars:
Dithmenos
Hepliaklqana
Kikubaaqudgha
Yredelemnul

Shops:
D:4 *


Innate Abilities, Weirdness & Mutations

You are immune to poison.
Your flesh is cold resistant. (rC+)
You are immune to negative energy. (rN+++)
You are immune to unholy pain and torment.
You are vulnerable to heat. (rF-)
You are in touch with the powers of death.
You do not drink.
You have a special connection with the divine. (Faith)


Message History

The wight attacks as you move away!
The wight hits you with a +3 long sword.
The wight hits you with a +0 flail! The wight attacks as you move away!
The wight barely misses you. The wight attacks as you move away!
The wight hits you with a +0 flail. The wight attacks as you move away!
The wight hits you but does no damage.
Aiming: Charm
Press: ? - help, Q - select action, (/) - cycle Shift-Dir - straight line, f/p - wight
Aim: a wight, wielding a +3 long sword and wearing a +0 robe (almost destroyed, chance to affect: 60%)
The wight resists with significant effort.
The wight hits you with a +3 long sword.
The wight hits you with a +0 flail.
Aiming: Charm
Press: ? - help, Q - select action, (/) - cycle Shift-Dir - straight line, f/p - wight
Aim: a wight, wielding a +0 flail and wearing a +0 robe (chance to affect: 60%) Nothing appears to happen.
The wight hits you but does no damage. The wight closely misses you.
The wight attacks as you move away! The wight hits you with a +0 flail.
* * * LOW HITPOINT WARNING * * *
Aiming: Charm
Press: ? - help, Q - select action, (/) - cycle Shift-Dir - straight line, f - wight
Aim: a wight, wielding a +3 long sword and wearing a +0 robe (almost destroyed, chance to affect: 60%)
The wight is charmed.
The wight hits your wight with a +0 flail.
Something hits your wight.
Your wight is destroyed!
Aiming: Charm
Press: ? - help, Q - select action, (/) - cycle Shift-Dir - straight line, f - wight
Aim: a wight, wielding a +0 flail and wearing a +0 robe (chance to affect: 61%)
The wight resists with significant effort.
The now-empty wand crumbles to dust.
The jelly hits you.
* * * LOW HITPOINT WARNING * * *
You are splashed with acid.
* * * LOW HITPOINT WARNING * * *
The wight hits you with a +0 flail.
* * * LOW HITPOINT WARNING * * *
The wight attacks as you move away! The wight hits you with a +3 hand axe!
You die...
Yredelemnul claims you as an undead slave.

..≈.≈._.≈.≈.. ..# ##...##
#.≈.≈..§§.≈.#.##### #...#
#.≈.≈.≈§≈.≈.......# #....
#.≈...§...≈.......#######...##
#.≈≈≈≈≈§≈≈≈..).#.............
#..................... .....
##..................
#............z..# ###
#.....J@.# ..# #####...#z##
#.# #.......).#
#.######.#########
#...Zz......# #.....#...#.#
......#...# # #.###.#...# #.#
#.###.#


You could see a jelly and 2 wights.

Vanquished Creatures
  Pikel (D:5)
  Maggie (D:6)
  Edmund (D:6)
  Duvessa (D:6)
  3 orc warriors
  A black bear (D:4)
  2 ice beasts
  A centaur (D:7)
  5 ogres
  2 kobold brigands
  2 bullfrogs
  4 scorpions
  Dowan (D:6)
  A howler monkey (D:6)
  An orc priest (D:7)
  5 hounds
  3 jellies
  2 sleepcaps (D:6)
  4 iguanas
  5 orc wizards
  A river rat (D:3)
  2 adders
  A white imp (D:6)
  2 dart slugs
  14 orcs
  5 endoplasms
  4 giant cockroaches
  A goblin (D:4)
  7 hobgoblins
  3 jackals (D:1)
  5 quokkas
  7 ball pythons
  5 bats
  A frilled lizard (D:1)
  14 kobolds
  4 rats
122 creatures vanquished.

Vanquished Creatures (collateral kills)
  An ogre (D:5)
  A wight (D:7)
  A howler monkey (D:5)
  An orc priest (D:7)
  2 iguanas (D:6)
  An ufetubus (D:5)
  An orc (D:6)
  An endoplasm (D:4)
  A giant cockroach (D:2)
  A goblin (D:4)
11 creatures vanquished.

Vanquished Creatures (others)
  A wight (D:7)
  2 bullfrog zombies
  2 scorpion zombies (D:5)
  6 ogre zombies
  A hound zombie (D:6)
  A howler monkey zombie (D:5)
  A human zombie (D:6)
  2 elf zombies (D:6)
  An adder zombie (D:5)
  3 iguana zombies
  A jelly zombie (D:5)
  A spectral white imp (D:6)
  An endoplasm zombie (D:4)
  A goblin zombie (D:4)
  A kobold zombie (D:5)
  16 orc zombies
  A spectral ufetubus (D:5)
42 creatures vanquished.

Grand Total: 175 creatures vanquished

Notes
Turn   | Place    | Note
-------+----------+-------------------------------------------
     0 | D:1      | Boneconjurer19 the Mummy Necromancer began the quest for
                  | the Orb.
     0 | D:1      | Reached XP level 1. HP: 13/13 MP: 4/4
   590 | D:1      | Reached XP level 2. HP: 19/19 MP: 3/5
  1071 | D:1      | Reached skill level 3 in Spellcasting
  1581 | D:2      | Gained mutation: You are in touch with the powers of death.
                  | [Mummy growth]
  1581 | D:2      | Reached XP level 3. HP: 24/24 MP: 7/7
  1586 | D:2      | Learned a level 3 spell: Vampiric Draining
  1984 | D:2      | Found a faded altar of an unknown god.
  2023 | D:2      | Prayed at the altar of an unknown god.
  2023 | D:2      | Became a worshipper of Yredelemnul the Dark
  2023 | D:2      | Reached * piety under Yredelemnul
  2792 | D:3      | Found a glowing drain.
  3441 | D:3      | Reached skill level 4 in Spellcasting
  3441 | D:3      | Reached skill level 5 in Necromancy
  3441 | D:3      | Reached skill level 1 in Invocations
  3441 | D:3      | Reached XP level 4. HP: 30/30 MP: 7/10
  3814 | D:4      | Noticed a bullfrog
  3815 | D:4      | Found Taepug's Fire Supplies.
  3823 | D:4      | Killed a bullfrog
  3824 | D:4      | Reached XP level 5. HP: 35/35 MP: 2/11
  4074 | D:4      | Noticed a black bear
  4078 | D:4      | Noticed an ice beast
  4093 | D:4      | Killed an ice beast
  4096 | D:4      | Killed a black bear
  4097 | D:4      | Reached skill level 5 in Spellcasting
  4097 | D:4      | Reached XP level 6. HP: 41/41 MP: 3/13
  4120 | D:4      | Learned a level 5 spell: Agony
  4900 | D:5      | Entered Level 5 of the Dungeon
  4911 | D:5      | Found a staircase to the Ecumenical Temple.
  5281 | D:5      | Reached XP level 7. HP: 46/46 MP: 13/15
  5400 | D:5      | Reached skill level 6 in Spellcasting
  5506 | D:5      | Reached ** piety under Yredelemnul
  5678 | D:5      | Reached *** piety under Yredelemnul
  5808 | D:5      | Noticed Pikel
  5830 | D:5      | Killed Pikel
  5831 | D:5      | Reached skill level 7 in Spellcasting
  5831 | D:5      | Reached XP level 8. HP: 32/52 MP: 10/18
  5864 | D:5      | Found a shadowy altar of Dithmenos.
  5865 | D:5      | Found a hazy altar of Hepliaklqana.
  6686 | D:6      | Noticed Edmund
  6692 | D:6      | Killed Edmund
  6713 | D:6      | Your ally Edmund died
  6743 | D:6      | Reached skill level 5 in Invocations
  7020 | D:6      | Reached skill level 8 in Spellcasting
  7029 | D:6      | Reached XP level 9. HP: 57/57 MP: 14/21
  7237 | D:6      | Noticed Dowan
  7238 | D:6      | Noticed Duvessa
  7245 | D:6      | Killed Duvessa
  7247 | D:6      | Killed Dowan
  7252 | D:6      | Noticed Maggie
  7263 | D:6      | Killed Maggie
  7279 | D:6      | Your ally Duvessa died
  7292 | D:6      | Your ally Dowan died
  7599 | D:6      | Learned a level 3 spell: Vhi's Electric Charge
  7607 | D:6      | Identified the +1 scale mail of Cocytus {Fly Int+5 Dex-5}
  8407 | D:7      | Reached skill level 9 in Spellcasting
  8723 | D:7      | Found an ancient bone altar of Kikubaaqudgha.
  8811 | D:7      | Slain by a wight

Illustrated notes

Levels and vault maps discovered:
D:1:      minmay_arrival_checkered_box, layout_basic
D:2:      layout_basic, hellmonk_ecumenical_altar_pennies_from_heaven,
          minmay_fractal_squares_5
D:3:      layout_loops_corners, general_overflow_altar, gup_sewer_entry_spiral
D:4:      layout_loops_corners, nicolae_shop_fire_sale [nicolae_sub_dead_trees],
          kennysheep_nondescript
D:5:      cheibrodos_thug_alley, layout_loops_corners,
          riverfiend_overflow_shadow_ancestor, minmay_temple_entry_trees,
          uniq_pikel
D:6:      layout_loops_ring, minmay_alternating_orb, uniq_duvessa, uniq_maggie,
          uniq_edmund
D:7:      layout_loops_cross, lemuel_doored_altar,
          mainiacjoe_overflow_concentric_impassable, overflow_temple_1_default,
          uniq_prince_ribbit1, uniq_joseph

Skill      XL: |  1  2  3  4  5  6  7  8  9 |
---------------+----------------------------+-----
Spellcasting   | 3 4 5 7 8 9 |  9.3
Necromancy     | 5 6 7 8 |  8.7
Invocations    | 1 2 3 4 5 6 |  6.4
Evocations     | 2 3 4 |  4.6
Fighting       | |  0.1
Dodging        | |  1.5
Stealth        | |  1.6

Action                     |  1- 3 |  4- 6 |  7- 9 || total
---------------------------+-------+-------+-------++-------
  Melee: Unarmed           |     1 |       |       ||     1
         Whip              |    18 |       |       ||    18
         Short sword       |       |     1 |     4 ||     5
         Staff             |       |       |    17 ||    17
   Cast: Necrotise         |    75 |    34 |   122 ||   231
         Vampiric Draining |       |    10 |    53 ||    63
 Invoke: Recall Undead Har |     1 |     2 |       ||     3
  Evoke: Wand              |       |       |    20 ||    20
    Use: Scroll            |       |     1 |       ||     1
 Armour: Robe              |    12 |     3 |     9 ||    24
         Scale mail        |       |       |    15 ||    15
  Dodge: Dodged            |    47 |     9 |    35 ||    91
